 Dungeon Crawl Stone Soup version 0.18.1-50-g88ac8fd (webtiles) character file.

2571 magog001 the Cleaver (level 9, -2/78 HPs)
             Began as a Minotaur Fighter on Nov 3, 2017.
             Was an Initiate of Nemelex Xobeh.
             Slain by a five-headed hydra (5 damage)
             ... on level 9 of the Dungeon.
             The game lasted 00:32:30 (5766 turns).

magog001 the Cleaver (Minotaur Fighter)             Turns: 5766, Time: 00:32:32

Health: -2/78      AC: 15    Str: 24    XL:     9   Next: 32%
Magic:  8/8        EV:  8    Int:  7    God:    Nemelex Xobeh [......]
Gold:   297        SH: 13    Dex: 10    Spells: 0 memorised, 8 levels left

rFire  + . .     SeeInvis .     a - +1 war axe
rCold  + . .     Gourm    .     b - +0 scale mail
rNeg   . . .     Faith    .     c - +0 shield
rPois  .         Spirit   .     (helmet restricted)
rElec  .         Dismiss  .     s - +1 cloak
rCorr  .         Reflect  .     (no gloves)
SustAt .         Harm     .     (no boots)
MR     .....     Clarity  +     (no amulet)
Stlth  +.........               k - ring of protection from fire
                                e - ring of protection from cold

@: not resistant to hostile enchantments, very unstealthy
A: retaliatory headbutt, horns 2, large bone plates 1, slimy green scales 1,
camouflage 1, blurry vision 1, clarity, clever 1, shaggy fur 1
a: Renounce Religion


You were on level 9 of the Dungeon.
You worshipped Nemelex Xobeh.
Nemelex Xobeh was noncommittal.
You were not hungry.

You visited 1 branch of the dungeon, and saw 7 of its levels.
You also visited: Ossuary.

You collected 297 gold pieces.

Inventory:

Hand Weapons
 a - a +1 war axe (weapon)
 i - a +0 hunting sling
 m - a +0 dagger of draining
Missiles
 l - 20 poisoned needles
 o - 240 stones (quivered)
 u - 130 sling bullets
Armour
 b - a +0 scale mail (worn)
 c - a +0 shield (worn)
 s - a +1 cloak (worn)
 B - the +1 robe "Seshao" {rC+ MP+9}
   (You found it on level 4 of the Dungeon)

   It protects you from cold.
   It affects your magic capacity (+9).
Jewellery
 e - a ring of protection from cold (left hand)
 k - a ring of protection from fire (right hand)
 p - an uncursed ring of stealth
Scrolls
 h - 7 scrolls of identify
 n - 3 scrolls of fog
 q - a scroll of teleportation
 r - 4 scrolls of amnesia
 t - 2 scrolls of recharging
 y - a scroll of fear
 z - a scroll of blinking {unknown}
 C - a scroll of enchant weapon
Potions
 j - 2 potions of brilliance
 x - a potion of flight
 E - 2 potions of curing
Miscellaneous
 v - a plain deck of war
Comestibles
 d - a royal jelly
 f - 4 bread rations
 g - a meat ration
 w - 6 slices of pizza
 A - 17 fruits


   Skills:
 + Level 6.8 Fighting
 * Level 10.4 Axes
 + Level 1.2 Slings
 + Level 6.8 Armour
 + Level 0.6 Stealth
 + Level 8.2 Shields


You had 8 spell levels left.
You didn't know any spells.

Dungeon Overview and Level Annotations

Branches:
Dungeon (6/15)             Temple (0/1) D:4

Altars:
Dithmenos
Kikubaaqudgha
Nemelex Xobeh
Sif Muna
Vehumet


Innate Abilities, Weirdness & Mutations

You reflexively headbutt those who attack you in melee.
You have a pair of horns on your head.
You are partially covered in large bone plates (AC +2, SH +2).
You are partially covered in slimy green scales (AC +2).
Your skin changes colour to match your surroundings (Stealth).
Scrolls take you a little longer to read.
You possess an exceptional clarity of mind.
Your mind is acute. (Int +2)
You are covered in fur (AC +1).


Message History

You headbutt the big kobold!
You see here a bolt.
The big kobold unwields an uncursed short sword.
The big kobold wields an uncursed hand crossbow.
The big kobold shoots a bolt.
The bolt hits you but does no damage.
There is an open gate here.
You see here a bolt.
Read which item? (? for menu, Esc to quit)
Really read with blurry vision while enemies are nearby? [Y]es or [N]o only, please.
Really read with blurry vision while enemies are nearby?
The five-headed hydra bites you.
* * * LOW HITPOINT WARNING * * *
The five-headed hydra bites you!
* * * LOW HITPOINT WARNING * * *
The five-headed hydra bites you but does no damage.
You block the five-headed hydra's attack.
The five-headed hydra bites you.
You die...
Your body disappears without a glow.

##.## #.†#
#####)####
#PP≈.≈.≈.#
#P≈......#
#≈≈P.....#
#P≈≈..P..#
#.≈P.....#
#+###D@'##
#).#.....#
#.%K(....#
##########


You could see a five-headed hydra and a big kobold.

Vanquished Creatures
  Sigmund (D:3)
  2 yaks (D:9)
  A hippogriff (D:5)
  Menkaure (D:6)
  An ice beast (D:6)
  An orc warrior (D:6)
  2 phantoms (D:5)
  A sky beast (D:5)
  2 ogres
  2 big kobolds (D:9)
  2 giant frogs
  A water moccasin zombie (D:9)
  2 scorpions
  2 howler monkeys
  2 crimson imps
  3 hounds
  A jelly (D:5)
  2 orc priests
  3 orc wizards
  2 iguanas
  A worker ant (D:4)
  2 sheep (D:9)
  3 big kobold zombies (Ossuary)
  2 hound zombies
  A mummy (Ossuary)
  Robin (D:3)
  4 gnolls (D:2)
  A howler monkey skeleton (D:6)
  5 adders
  An ooze (D:3)
  6 worms
  A dart slug (D:2)
  4 giant geckos
  8 orcs
  2 spectral bats (Ossuary)
  2 ball pythons
  8 bats
  2 bat simulacra (Ossuary)
  6 giant cockroaches
  7 gnoll zombies (Ossuary)
  15 goblins
  6 hobgoblins
  5 quokkas
  3 giant newts
  4 goblin simulacra (Ossuary)
  3 goblin zombies (Ossuary)
  7 hobgoblin zombies (Ossuary)
  8 kobolds
  A kobold simulacrum (Ossuary)
  4 kobold zombies (Ossuary)
  3 orc zombies (Ossuary)
  A quokka skeleton (D:5)
  10 rats
  2 rat simulacra (Ossuary)
  4 spectral goblins (Ossuary)
  4 spectral kobolds (Ossuary)
  6 spectral rats (Ossuary)
187 creatures vanquished.

Vanquished Creatures (others)
  2 gnoll zombies (Ossuary)
  A hobgoblin zombie (Ossuary)
3 creatures vanquished.

Grand Total: 190 creatures vanquished

Notes
Turn   | Place    | Note
--------------------------------------------------------------
     0 | D:1      | magog001 the Minotaur Fighter began the quest for the Orb.
     0 | D:1      | Reached XP level 1. HP: 19/19 MP: 0/0
   139 | D:1      | Reached XP level 2. HP: 17/27 MP: 1/1
   797 | D:2      | Reached XP level 3. HP: 32/33 MP: 2/2
   889 | D:2      | Reached skill level 3 in Axes
  1144 | D:2      | Reached XP level 4. HP: 40/40 MP: 3/3
  1262 | D:2      | Found a shadowy altar of Dithmenos.
  1296 | D:2      | Found an ancient bone altar of Kikubaaqudgha.
  1419 | D:2      | Found a faded altar to an unknown god.
  1541 | D:3      | Noticed Sigmund
  1978 | D:4      | Found a staircase to the Ecumenical Temple.
  2028 | D:3      | Noticed Robin
  2081 | D:4      | Reached skill level 4 in Axes
  2081 | D:4      | Reached XP level 5. HP: 46/46 MP: 4/4
  2088 | D:4      | Reached skill level 5 in Shields
  2119 | D:4      | Found a radiant altar of Vehumet.
  2243 | D:3      | Killed Robin
  2410 | D:3      | Killed Sigmund
  2410 | D:3      | Reached skill level 5 in Axes
  2410 | D:3      | Reached skill level 5 in Armour
  2410 | D:3      | Reached XP level 6. HP: 36/53 MP: 5/5
  3088 | D:4      | Found a deep blue altar of Sif Muna.
  3173 | D:4      | Reached skill level 6 in Axes
  3382 | D:4      | Reached XP level 7. HP: 52/60 MP: 6/6
  3395 | D:4      | Got a heavily jewelled robe
  3406 | D:4      | Identified the +1 robe "Seshao" {rC+ MP+9} (You found it on level 4 of the Dungeon)
  3799 | D:5      | Entered Level 5 of the Dungeon
  3823 | D:5      | Reached skill level 5 in Fighting
  3825 | D:5      | Reached skill level 1 in Slings
  3827 | D:5      | Found a sand-covered staircase.
  3832 | Ossuary  | Entered an ossuary
  4071 | Ossuary  | Reached skill level 7 in Axes
  4240 | Ossuary  | Gained mutation: Your mind is acute. (Int +2) [potion of mutation]
  4240 | Ossuary  | Gained mutation: You are partially covered in large bone plates (AC +2, SH +2). [potion of mutation]
  4240 | Ossuary  | Gained mutation: Scrolls take you a little longer to read. [potion of mutation]
  4244 | Ossuary  | Gained mutation: You are partially covered in slimy green scales (AC +2). [potion of beneficial mutation]
  4245 | Ossuary  | Gained mutation: You are covered in fur (AC +1). [potion of beneficial mutation]
  4246 | Ossuary  | Gained mutation: Your skin changes colour to match your surroundings (Stealth). [potion of beneficial mutation]
  4247 | Ossuary  | Gained mutation: You possess an exceptional clarity of mind. [potion of mutation]
  4247 | Ossuary  | Lost mutation: Scrolls take you a little longer to read. [potion of mutation]
  4247 | Ossuary  | Gained mutation: Scrolls take you a little longer to read. [potion of mutation]
  4383 | D:5      | Noticed a hippogriff
  4395 | D:5      | Killed a hippogriff
  4395 | D:5      | Reached XP level 8. HP: 52/69 MP: 7/7
  4464 | D:5      | Reached skill level 8 in Axes
  4486 | D:5      | Found a sparkling altar of Nemelex Xobeh.
  4527 | D:5      | Became a worshipper of Nemelex Xobeh the Trickster
  4593 | D:5      | Noticed Menkaure
  4604 | D:6      | Received a gift from Nemelex Xobeh
  4610 | D:6      | Killed Menkaure
  4995 | D:5      | Reached skill level 9 in Axes
  5520 | D:6      | You fall through a shaft for 3 floors!
  5561 | D:9      | Reached XP level 9. HP: 73/78 MP: 8/8
  5712 | D:9      | Reached skill level 10 in Axes
  5756 | D:9      | Noticed a two-headed hydra
  5766 | D:9      | HP: 3/78 [five-headed hydra (10)]
  5766 | D:9      | Slain by a five-headed hydra

Skill      XL: |  1  2  3  4  5  6  7  8  9 |
---------------+----------------------------+-----
Armour         | 4 5 6 |  6.8
Fighting       | 4 5 6 |  6.8
Shields        | 4 5 6 7 8 |  8.2
Axes           | 3 4 5 6 7 9 10 | 10.4
Slings         | 1 |  1.2
Stealth        | |  0.6

Action                   |  1- 3 |  4- 6 |  7- 9 || total
-------------------------+-------+-------+-------++-------
Melee: War axe           |    85 |   145 |   282 ||   512
       Headbutt          |    16 |    22 |    48 ||    86
 Fire: Hunting sling     |       |     9 |       ||     9
  Use: Scroll            |       |     8 |     3 ||    11
       Potion            |       |     1 |    13 ||    14
  Eat: Chunk             |     1 |     5 |     2 ||     8
       Royal jelly       |       |     1 |       ||     1
       Meat ration       |       |       |     1 ||     1
       Beef jerky        |       |       |     1 ||     1
Armor: Scale mail        |    32 |    71 |   119 ||   222
Dodge: Dodged            |    32 |    51 |    64 ||   147
Block: Shield            |    47 |    79 |   181 ||   307
